 Dungeon Crawl Stone Soup version 0.30-a0-360-g447f08457e (webtiles) character file.

Game seed: 6682880210595323961

13372 iguanaiguana the Skirmisher (level 11, -21/46 HPs)
             Began as a Spriggan Hexslinger on Nov 14, 2022.
             Was a Priest of Hepliaklqana.
             Engulfed by a cloud of flame (29 damage)
             ... on level 1 of the Lair of Beasts.
             The game lasted 00:51:21 (11838 turns).

iguanaiguana the Skirmisher (Spriggan Hexslinger)  Turns: 11838, Time: 00:51:21

Health: -21/46     AC:  5    Str:  6    XL:     11   Next: 74%
Magic:  24/27      EV: 23    Int: 16    God:    Hepliaklqana [***...]
Gold:   363        SH:  0    Dex: 19    Spells: 10/18 levels left

rFire   . . .      SeeInvis +    a - +1 arbalest
rCold   . . .      Faith    .    (shield currently unavailable)
rNeg    . . .      Spirit   .    K - +1 troll leather armour
rPois   .          Reflect  .    (helmet restricted)
rElec   .          Harm     .    (no cloak)
rCorr   .          Rampage  .    (gloves unavailable)
Will    +....                    (boots unavailable)
Stlth   +++.......               (no amulet)
HPRegen 1.07/turn                A - ring of magical power
MPRegen 0.20/turn                (no ring)

@: very quick
A: reduced essence, very small, no large weapons, unfitting armour, see
invisible, speed 3
a: Renounce Religion, Recall Ancestor, Ancestor Identity, Transference


You were on level 1 of the Lair of Beasts.
You worshipped Hepliaklqana.
Hepliaklqana was most pleased with you.
You visited 3 branches of the dungeon, and saw 13 of its levels.

You collected 649 gold pieces.
You spent 286 gold pieces at shops.

Inventory:

Hand Weapons
 a - a +1 arbalest (weapon)
 b - a +4 dagger
 E - a +1 rapier of draining
Missiles
 k - a throwing net
 n - 5 boomerangs
 o - 20 poisoned darts
 D - 5 curare-tipped darts
Armour
 c - a +0 robe
 y - the +1 robe of the Evening {Fly Will+ rCorr}
   (You bought it in a shop on level 4 of the Dungeon)

   Fly:       It grants you flight.
   rCorr:     It protects you from acid and corrosion.
   Will:      It increases your willpower.
 K - a +1 troll leather armour (worn)
Jewellery
 q - a ring of willpower
 A - a ring of magical power (left hand)
 G - a +6 ring of strength
Wands
 s - a wand of roots (18)
 v - a wand of paralysis (11)
Scrolls
 e - a scroll of silence
 f - 6 scrolls of poison
 g - 3 scrolls of vulnerability
 h - a scroll of butterflies
 i - 5 scrolls of blinking {@r4}
 j - 4 scrolls of teleportation {@r3}
 l - 4 scrolls of amnesia
 w - 3 scrolls of fear
 z - 2 scrolls of noise
 F - a scroll of torment {unknown}
 H - 2 scrolls of immolation
 J - a scroll of brand weapon {unknown}
 L - a scroll of identify {@r1}
Potions
 d - 3 potions of attraction
 p - 4 potions of curing {@q1}
 r - 2 potions of might {@q3}
 t - 2 potions of heal wounds {@q2}
 u - 4 potions of flight {unknown}
 x - a potion of resistance {unknown}
 B - a potion of berserk rage {unknown}
 C - a potion of ambrosia {unknown}
 I - 4 potions of haste {@q4}
Miscellaneous
 m - a tin of tremorstones (2/2)


   Skills:
 - Level 3.0 Fighting
 - Level 12.7 Ranged Weapons
 - Level 4.0 Armour
 - Level 10.3 Dodging
 + Level 6.7 Stealth
 - Level 4.0 Spellcasting
 - Level 10.0 Hexes
 - Level 4.0 Translocations
 - Level 2.0 Fire Magic


You had 10 spell levels left.
You knew the following spells:

 Your Spells              Type           Power      Damage    Failure   Level
a - Slow                  Hex            100%       N/A       1%          1
b - Inner Flame           Hex/Fire       22%        N/A       6%          3
c - Cause Fear            Hex            17%        N/A       4%          4

Your spell library contained the following spells:

 Spells                   Type           Power      Damage    Failure   Level
 Ensorcelled Hibernation  Hex/Ice        38%        N/A       4%          2
 Portal Projectile        Hex/Tloc       50%        N/A       4%          3
 Beastly Appendage        Tmut           6%         N/A       26%         1
 Kindle Blastsparks       Fire/Tloc/Air  18%        2d11      32%         3
 Anguish                  Hex/Necr       9%         N/A       32%         4
 Wereblood                Tmut           3%         N/A       36%         2
 Ignite Poison            Fire/Tmut/Pois 5%         N/A       52%         3
 Ozocubu's Armour         Ice            3%         N/A       58%         3
 Spider Form              Tmut/Pois      3%         N/A       58%         3
 Metabolic Englaciation   Hex/Ice        9%         N/A       65%         5
 Yara's Violent Unravell  Hex/Tmut       9%         3d6       65%         5
 Enfeeble                 Hex            17%        N/A       98%         7
 Freezing Cloud           Conj/Ice/Air   1%         6-21      100%        5
 Simulacrum               Ice/Necr       1%         N/A       100%        6


Dungeon Overview and Level Annotations

Branches:
Dungeon (11/15) Zot: 25937  Temple (1/1) D:7 Zot: 5973    Lair (1/5) D:11 Zot: 5563
    Orc (0/2) D:11

Altars:
Ashenzari
Cheibriados
Dithmenos
Elyvilon
Fedhas
Gozag
Hepliaklqana
Kikubaaqudgha
Makhleb
Nemelex Xobeh
Okawaru
Qazlal
Ru
Trog
Uskayaw
Vehumet
Wu Jian
Xom
Yredelemnul
Zin
The Shining One
Lugonu

Shops:
D:1 [   D:2 (   D:4 =(![   D:7 *

Annotations:
D:9 1 exclusion


Innate Abilities, Weirdness & Mutations

Your life essence is reduced to manifest your ancestor. (-10% HP)
You are very small and have problems with some larger weapons.
You are too small for most types of armour.
You have supernaturally acute eyesight. (SInv)
You cover ground extremely quickly. (Speed+++)


Message History

Your Stealth skill increases to level 6!
No target in view!
You now have 363 gold pieces (gained 17).
You swap places.
L - a scroll of identify {@r1}
Found a runed falchion.
A wolf is nearby!
You shoot a bolt. The wolf howls!
The bolt hits the wolf!!
The wolf is almost dead.
You shoot a bolt. The bolt barely misses the wolf.
The bolt hits the wolf!!
The wolf is almost dead.
You shoot a bolt. The bolt hits the wolf!!
You kill the wolf!
You shoot a bolt. The bolt hits the wolf!!
You kill the wolf!
You hear a howl!
You shoot a bolt. The bolt barely misses the wolf.
You shoot a bolt. The bolt closely misses the wolf.
Winky hits the wolf with a +0 flail.
The blink frog hits Winky!
Casting: Inner Flame (dangerous; 6% risk of failure)
Confirm with . or Enter, or press ? or * to list all spells.
Aiming: Inner Flame (dangerous; 6% risk of failure)
Press: ? - help, Dir - move target, f/p - wolf
Aim: a wolf (moderately wounded, chance to affect: 78%)
The wolf is filled with an inner flame.
Winky hits the blink frog with a +0 flail!
Winky blocks the blink frog's attack.
You shoot a bolt. The bolt hits the wolf!
The wolf explodes!
The fiery explosion engulfs you!!!
Ouch! That really hurt!
* * * LOW HITPOINT WARNING * * *
Winky avoids your attack.
The fiery explosion engulfs the blink frog!!
You kill the blink frog!
You are engulfed in blazing flames.
Ouch! That really hurt!
You die...

##..........
#..#..#....... #..
##.#.## $....) ..
##...# ##....# ..
#....# #....?##.#
##.#.## #.#.....#
#....###...§#§.##..
##.#....#...§§R.....
## #..###.##
#.@§###..# ##. #.##
#.# ##.....[... ##..
#.# #.# #........#.
#..[ #.# #R#
#.......... #... #.#
#.###....#.#.##
##.#. #.#
#...#..........
..... #.#
##.P..........##
.....
#.###............##
.....
#.......†.†...####
.....


You could see the friendly Winky the knight.

Vanquished Creatures
  A boulder beetle (D:11)
  A two-headed ogre (D:11)
  Sonja (D:10)
  An orc knight (D:9)
  A cyclops (D:11)
  A manticore (D:9)
  Maggie (Lair:1)
  3 komodo dragons (Lair:1)
  A troll (D:10)
  A hornet (D:10)
  A blink frog (Lair:1)
  A shadow (D:11)
  A wraith (D:11)
  A wyvern (D:8)
  14 yaks
  3 steam dragons
  3 water moccasins (Lair:1)
  An ogre (D:5)
  4 orc warriors
  A sky beast (D:7)
  8 wolves (Lair:1)
  3 centaurs
  A phantom (D:11)
  2 kobold brigands
  5 bullfrogs
  3 necrophages
  4 gnoll sergeants
  4 scorpions
  6 wights
  A troll zombie (D:11)
  A killer bee (D:7)
  3 howler monkeys
  3 jellies
  A gnoll bouda (D:9)
  8 orc priests
  8 hounds
  2 iguanas
  11 orc wizards
  5 ogre zombies (D:11)
  19 gnolls
  9 adders
  A shadow imp (D:6)
  A white imp (D:6)
  An ufetubus (D:5)
  2 worms (D:2)
  A dart slug (D:1)
  32 orcs
  4 ball pythons
  4 bats
  6 endoplasms
  5 giant cockroaches
  8 goblins
  15 hobgoblins
  8 jackals
  17 kobolds
  4 quokkas
  2 frilled lizards
  A hobgoblin skeleton (D:11)
  2 hobgoblin zombies (D:11)
  4 orc skeletons (D:11)
  13 orc zombies (D:11)
  8 rats
288 creatures vanquished.

Vanquished Creatures (collateral kills)
  A gargoyle (D:10)
  2 trolls (D:11)
  A warg (D:9)
  A yak (D:11)
  An acid dragon (D:11)
  A water moccasin (Lair:1)
  A phantom (D:11)
  2 ogre zombies (D:11)
  2 gnolls
  A hobgoblin skeleton (D:11)
  2 orc zombies (D:11)
15 creatures vanquished.

Vanquished Creatures (others)
  A knight (D:11)
  3 ancestors (D:9)
  12 fungi
  26 plants
42 creatures vanquished.

Grand Total: 345 creatures vanquished

Notes
Turn   | Place    | Note
-------+----------+-------------------------------------------
     0 | D:1      | iguanaiguana the Spriggan Hexslinger began the quest for
                  | the Orb.
     0 | D:1      | Reached XP level 1. HP: 9/9 MP: 3/3
   279 | D:1      | Reached XP level 2. HP: 14/14 MP: 5/5
   281 | D:1      | Found Civenes's Armour Emporium.
   318 | D:1      | Found a faded altar of an unknown god.
   653 | D:1      | Reached skill level 5 in Hexes
  1089 | D:2      | Reached XP level 3. HP: 17/17 MP: 6/6
  1265 | D:2      | Reached XP level 4. HP: 21/21 MP: 7/7
  1279 | D:2      | Found Jung's Antique Weapon Shoppe.
  1461 | D:2      | Reached skill level 3 in Ranged Weapons
  1572 | D:2      | Bought a runed shortbow for 138 gold pieces
  2052 | D:3      | Found a blossoming altar of Fedhas.
  2117 | D:3      | Reached XP level 5. HP: 25/25 MP: 8/8
  2407 | D:3      | Reached skill level 4 in Ranged Weapons
  2440 | D:4      | Found Miadaaw's Antique Armour Emporium.
  2571 | D:4      | Reached XP level 6. HP: 29/29 MP: 7/9
  2573 | D:4      | Reached skill level 5 in Ranged Weapons
  2768 | D:4      | Found Jioner's Distillery.
  2802 | D:4      | Found Keossaum's Jewellery Shoppe.
  2899 | D:4      | Found Zelaveam's Antique Weapon Emporium.
  3020 | D:5      | Entered Level 5 of the Dungeon
  3032 | D:5      | Found a bloodstained altar of Trog.
  3194 | D:5      | Reached skill level 6 in Ranged Weapons
  3254 | D:5      | Found an opulent altar of Gozag.
  3332 | D:5      | Reached XP level 7. HP: 32/32 MP: 10/10
  3371 | D:4      | Learned a level 3 spell: Inner Flame
  3497 | D:5      | Reached skill level 1 in Fire Magic
  3586 | D:5      | Found a sacrificial altar of Ru.
  3717 | D:5      | Learned a level 4 spell: Cause Fear
  4349 | D:6      | Reached XP level 8. HP: 37/37 MP: 11/11
  4379 | D:6      | Found a broken altar of Ashenzari.
  4696 | D:6      | Reached skill level 5 in Dodging
  4799 | D:4      | Bought a crude robe for 148 gold pieces
  4799 | D:4      | Identified the +1 robe of the Evening {Fly Will+ rCorr}
                  | (You bought it in a shop on level 4 of the Dungeon)
  5613 | D:7      | Reached skill level 10 in Hexes
  5792 | D:7      | Found Nisusk's Elemental Accessories.
  5902 | D:7      | Reached skill level 1 in Fighting
  5938 | D:7      | Found a staircase to the Ecumenical Temple.
  5946 | Temple   | Entered the Ecumenical Temple
  6042 | D:7      | Reached XP level 9. HP: 41/41 MP: 12/16
  6338 | D:7      | Found a shadowy altar of Dithmenos.
  6341 | D:7      | Found a hazy altar of Hepliaklqana.
  6346 | D:7      | Became a worshipper of Hepliaklqana the Forgotten
  6699 | D:8      | Reached skill level 7 in Ranged Weapons
  6840 | D:8      | Found an ornate altar of the Wu Jian Council.
  6865 | D:8      | Found a sparkling altar of Nemelex Xobeh.
  7420 | D:8      | Reached skill level 8 in Ranged Weapons
  7588 | D:9      | Reached * piety under Hepliaklqana
  7740 | D:9      | Noticed an orc knight
  7753 | D:9      | Killed an orc knight
  7754 | D:9      | Reached skill level 9 in Ranged Weapons
  7754 | D:9      | Reached XP level 10. HP: 44/44 MP: 17/17
  7984 | D:9      | Found an iron altar of Okawaru.
  8143 | D:9      | Found a basalt altar of Yredelemnul.
  8178 | D:9      | Noticed a manticore
  8187 | D:9      | Killed a manticore
  8895 | D:9      | Found a snail-covered altar of Cheibriados.
  8982 | D:10     | Entered Level 10 of the Dungeon
  9140 | D:10     | Found a hide-covered altar of Uskayaw.
  9198 | D:10     | Reached ** piety under Hepliaklqana
  9200 | D:10     | Remembered your ancestor Winky as a knight
  9306 | D:10     | Reached skill level 10 in Ranged Weapons
  9572 | D:10     | Noticed a gargoyle
  9585 | D:10     | Killed a gargoyle
  9586 | D:10     | Reached skill level 10 in Dodging
  9617 | D:10     | Noticed Sonja
  9622 | D:10     | Killed Sonja
  9623 | D:10     | Reached skill level 11 in Ranged Weapons
 10166 | D:11     | Found a staircase to the Lair.
 10182 | D:11     | Reached skill level 1 in Armour
 10182 | D:11     | Reached XP level 11. HP: 46/46 MP: 18/18
 10305 | D:11     | Noticed a boulder beetle
 10318 | D:11     | Killed a boulder beetle
 10448 | D:11     | Found a staircase to the Orcish Mines.
 10704 | D:11     | Noticed a two-headed ogre
 10710 | D:11     | Killed a two-headed ogre
 11083 | D:11     | Reached skill level 12 in Ranged Weapons
 11128 | D:11     | Reached *** piety under Hepliaklqana
 11294 | Lair:1   | Entered Level 1 of the Lair of Beasts
 11576 | Lair:1   | Reached skill level 1 in Stealth
 11659 | Lair:1   | Noticed Maggie
 11664 | Lair:1   | Killed Maggie
 11752 | Lair:1   | Reached skill level 5 in Stealth
 11838 | Lair:1   | Engulfed by a cloud of flame

Illustrated notes

Levels and vault maps discovered:
D:1:      lightli_iron_boxes, layout_loops_ring, serial_shops,
          nicolae_shop_advertising_works [nicolae_subvault_shop_adworks],
          dreamdust_ecumenical_altar_grove, dreamdust_wishing_well,
          chequers_serial_rivers_large_a, minmay_split_cup_small
D:2:      layout_rooms, serial_shops, nicolae_shop_competitors_out_of_business,
          minmay_goblin_outpost
D:3:      layout_loops_ring, fedhas_altar_1, minmay_misc_feat_nine_boxes
D:4:      layout_cave_pools, serial_shops, nicolae_lakefront_shop,
          nicolae_lakefront_shop, nicolae_shop_statue_plus, nicolae_shop_crystal
D:5:      minmay_angry_zag, layout_basic, kennysheep_mini_moat,
          nicolae_overflow_crystal_walls, trog_three_pillars_becter
D:6:      layout_cave_pools, mainiacjoe_overflow_brackets, nicolae_grassy_gnolls
D:7:      layout_loops_ring, riverfiend_overflow_shadow_ancestor,
          minmay_temple_entry_offerings, nicolae_elemental_shop
D:8:      layout_loops_ring, tgw_sif, kennysheep_mini, nzn_wu_jian_contemplation
D:9:      minmay_the_grid_3x2 [minmay_the_grid_spikes,
          minmay_the_grid_tiny_cups, minmay_the_grid_pillar_ring,
          minmay_the_grid_stretched_grid, minmay_the_grid_armoury,
          minmay_the_grid_prize_four_corners], layout_basic,
          mainiacjoe_overflow_alcove_2, lemuel_doored_altar,
          mainiacjoe_overflow_alcove_1
D:10:     layout_stronghold, mainiacjoe_overflow_24_doors, serial_column_ruins,
          column_ruins_open_tiny, column_ruins_grid_3, column_ruins_columns_T,
          column_ruins_open_large, column_ruins_columns_straight,
          column_ruins_columns_dead_end, hangedman_decor_slide_cut, uniq_sonja
D:11:     layout_loops_corners, dpeg_oklobed_lair, zombieorc2_lemuel
Temple:   corrupted_temple
Lair:1:   layout_loops_ring, uniq_maggie

Skill      XL: |  1  2  3  4  5  6  7  8  9 10 11 |
---------------+----------------------------------+-----
Hexes          | 4 5 6 8 10 | 10.0
Ranged Weapons | 3 4 6 9 11 12 | 12.7
Fire Magic     | 2 |  2.0
Dodging        | 3 6 8 10 | 10.3
Spellcasting   | 4 |  4.0
Fighting       | 1 3 |  3.0
Translocations | 4 |  4.0
Armour         | 1 4 |  4.0
Stealth        | 6 |  6.7

Action                   |  1- 3 |  4- 6 |  7- 9 | 10-12 || total
-------------------------+-------+-------+-------+-------++-------
Melee: Long sword        |       |     5 |       |       ||     5
 Fire: Sling             |   121 |    63 |       |       ||   184
       Shortbow          |       |   125 |   304 |    36 ||   465
       Arbalest          |       |       |       |   188 ||   188
Throw: Dart              |       |       |       |     2 ||     2
 Cast: Slow              |    14 |    23 |    15 |     5 ||    57
       Inner Flame       |       |       |    55 |    48 ||   103
       Cause Fear        |       |       |     4 |       ||     4
Invok: Ancestor Identity |       |       |     1 |       ||     1
       Recall Ancestor   |       |       |       |    24 ||    24
       Ancestor Life: Kn |       |       |       |     1 ||     1
Evoke: Wand              |       |       |     3 |     2 ||     5
  Use: Scroll            |       |     9 |     1 |     6 ||    16
       Potion            |       |     1 |       |       ||     1
Armor: Robe              |     4 |    11 |     2 |     1 ||    18
       Troll leather arm |       |       |       |     6 ||     6
Dodge: Dodged            |    30 |    47 |    38 |    27 ||   142

Table legend: (Time is in decaauts)
 A = Elapsed time spent in this place.
 B = Non-inter-level travel time spent in this place.
 C = Inter-level travel time spent in this place.
 D = Time resting spent in this place.
 E = Time spent auto-exploring this place.
 F = Levels seen in this place.
 G = Mean time per level.
                   A        B        C        D        E       F      G
               +--------+--------+--------+--------+--------+-----+--------+
         Total |   8753 |   8365 |    388 |    564 |   5403 |  13 |  673.3 |
       Dungeon |   8290 |   7910 |    380 |    549 |   5086 |  11 |  753.6 |
        Temple |     26 |     19 |      7 |      0 |     12 |   1 |   26.0 |
          Lair |    436 |    436 |      0 |     15 |    305 |   1 |  436.0 |
               +--------+--------+--------+--------+--------+-----+--------+

Top non-repeatable levels by time:
     D:5: 1050 daAuts
    D:11: 1047 daAuts
     D:7: 1047 daAuts
     D:9: 1014 daAuts
     D:1: 787 daAuts
     D:8: 666 daAuts
    D:10: 629 daAuts
     D:6: 614 daAuts
     D:4: 539 daAuts
     D:2: 447 daAuts
     D:3: 445 daAuts
  Lair:1: 436 daAuts
  Temple: 26 daAuts
